 Dungeon Crawl Stone Soup version 0.29.1-12-g30fa7ad0bf (webtiles) character file.

Game seed: 434795709826817473

200 112233 the Conjurer (level 5, -3/31 HPs)
             Began as an Octopode Conjurer on Dec 25, 2022.
             Killed from afar by an orc wizard (5 damage)
             ... with a puff of flame
             ... on level 3 of the Dungeon.
             The game lasted 00:03:17 (4731 turns).

112233 the Conjurer (Octopode Conjurer)             Turns: 4731, Time: 00:03:18

Health: -3/31      AC:  5    Str:  6    XL:     5   Next: 79%
Magic:  8/8        EV: 13    Int: 23    God:
Gold:   172        SH:  0    Dex: 10    Spells: 4/10 levels left

rFire   . . .      SeeInvis .   j - +0 quarterstaff
rCold   . . .      Faith    .   (shield currently unavailable)
rNeg    . . .      Spirit   .   (helmet restricted)
rPois   .          Reflect  .   (no amulet)
rElec   .          Harm     .   d - +4 ring of protection
rCorr   .          Rampage  .   (no ring)
Will    .....                   (no ring)
Stlth   +++.......              (no ring)
HPRegen 0.10/turn               (no ring)
MPRegen 0.11/turn               (no ring)
                                (no ring)
                                (no ring)

@: mighty, very slightly contaminated, hasted, invisible, very quick
A: almost no armour, amphibious, 8 rings, camouflage 1, gelatinous body 1,
(nimble swimmer 1), tentacles, low MP 1
a: no special abilities


You were on level 3 of the Dungeon.
You visited 1 branch of the dungeon, and saw 4 of its levels.

You collected 172 gold pieces.

Inventory:

Hand Weapons
 j - a +0 quarterstaff (weapon)
Missiles
 o - 2 throwing nets
Jewellery
 d - a +4 ring of protection (left tentacle)
Scrolls
 e - a scroll of immolation {unknown}
 g - a scroll of enchant armour {unknown}
 h - a scroll of noise {unknown}
 k - 2 scrolls of identify {unknown}
 l - 2 scrolls of vulnerability {unknown}
 m - a scroll of summoning {unknown}
 p - a scroll of butterflies {unknown}
Potions
 n - a potion of invisibility


   Skills:
 - Level 2.6 Dodging
 - Level 3.9 Stealth
 + Level 3.2 Spellcasting
 * Level 5.4 Conjurations


You had 4 spell levels left.
You knew the following spells:

 Your Spells              Type           Power      Damage    Failure   Level
a - Magic Dart            Conj           100%       1d8       1%          1
b - Searing Ray           Conj           56%        2d6       1%          2
c - Dazzling Flash        Conj/Hex       32%        N/A       11%         3

Your spell library contained the following spells:

 Spells                   Type           Power      Damage    Failure   Level
 Static Discharge         Conj/Air       16%        3-5/arc   5%          2
 Fulminant Prism          Conj/Hex       8%         3d7       36%         4
 Iskenderun's Mystic Bla  Conj/Tloc      16%        2d5       36%         4
 Sticky Flame             Conj/Fire      16%        2d4       36%         4
 Dispel Undead            Necr           3%         3d7       75%         4


Dungeon Overview and Level Annotations

Branches:
Dungeon (4/15)
 Temple: D:4-7

Altars:
Cheibriados
Makhleb
Ru

Annotations:
D:3 exclusion: 2 downstairs


Innate Abilities, Weirdness & Mutations

You cannot wear most types of armour.
You are amphibious.
You can wear up to eight rings at the same time.
Your skin changes colour to match your surroundings (Stealth+).
Your rubbery body absorbs attacks. (AC +1, EV +1)
((You are camouflaged when in or above water. (Stealth+)))
You have tentacles for arms and can constrict up to eight enemies at once.
Your magical capacity is low. (-10% MP)


Message History

Confirm with . or Enter, or press ? or * to list all spells.
You can't see any susceptible monsters within range! (Use Z to cast anyway.)
There is a strange disturbance nearby!
Unknown command.
Casting: Searing Ray (safe; 1% risk of failure)
Confirm with . or Enter, or press ? or * to list all spells.
Restarting spell: Searing Ray (safe; 1% risk of failure)
Press: ? - help, Shift-Dir - straight line, f - you
Okay, then.
The searing ray hits something.
Unknown command.
Unknown command.
The searing ray hits something.
You finish channelling your searing ray.
Something hits you.
* * * LOW HITPOINT WARNING * * *
Unknown command.
You aren't carrying any items that you can evoke.
Unknown command.
Casting: Searing Ray (safe; 1% risk of failure)
Confirm with . or Enter, or press ? or * to list all spells.
You can't see any susceptible monsters within range! (Use Z to cast anyway.) Unknown command.
Casting: Searing Ray (safe; 1% risk of failure)
Confirm with . or Enter, or press ? or * to list all spells.
Okay, then.
Casting: Searing Ray (safe; 1% risk of failure)
Confirm with . or Enter, or press ? or * to list all spells.
The spell is quite dangerous to miscast (11% risk of failure)!
Continue anyway?
Casting: Dazzling Flash (quite dangerous; 11% risk of failure)
Press: ? - help, Dir - look around, f - activate You miscast Dazzling Flash.
You are very lightly contaminated with residual magic.
Nothing appears to happen.
Unknown command.
Magic courses through your body.
You hear some strange, mumbled words.
A puff of flame appears from out of thin air!
The puff of flame hits you.
You die...

# ##.## #.#..#............# #
#..# #.#..#............#
######..###.#..#............#
............#..#............#
#####...##.........[........#
#####...#####..#..#..########
....#...# #.......##
###.#...# ##.#.#.## ..#.#...#
#.#@..# #.#.#...# #.#{###
..#.#...# #.#.#
#.#.#...######.#.#
#.#.#..........#.#
###.#.#.########.# ....#.#.#
#.# #####.#.# #.# ......#.#
#.#


There were no monsters in sight!

Vanquished Creatures
  A necrophage (D:4)
  6 adders
  2 dart slugs (D:2)
  5 orcs
  6 bats
  6 endoplasms
  7 giant cockroaches
  4 goblins
  7 hobgoblins
  5 jackals
  2 quokkas
  4 ball pythons
  8 frilled lizards
  8 kobolds
  5 rats
76 creatures vanquished.

Notes
Turn   | Place    | Note
-------+----------+-------------------------------------------
     0 | D:1      | 112233 the Octopode Conjurer began the quest for the Orb.
     0 | D:1      | Reached XP level 1. HP: 11/11 MP: 3/3
   284 | D:1      | Reached XP level 2. HP: 17/17 MP: 1/5
   411 | D:1      | Learned a level 2 spell: Searing Ray
   779 | D:1      | Found a faded altar of an unknown god.
   968 | D:1      | Reached XP level 3. HP: 21/21 MP: 3/6
  1207 | D:2      | Learned a level 3 spell: Dazzling Flash
  1718 | D:2      | Reached XP level 4. HP: 22/27 MP: 0/7
  3372 | D:3      | Reached XP level 5. HP: 31/31 MP: 5/9
  3563 | D:3      | Reached skill level 5 in Conjurations
  3605 | D:3      | Found a burning altar of Makhleb.
  3605 | D:3      | Found a sacrificial altar of Ru.
  4092 | D:3      | Found a snail-covered altar of Cheibriados.
  4567 | D:4      | Noticed an ogre
  4724 | D:3      | Gained mutation: Your magical capacity is low. (-10% MP)
                  | [potion of mutation]
  4731 | D:3      | Killed from afar by an orc wizard

Illustrated notes

Levels and vault maps discovered:
D:1:      zaba_arrival_water, layout_loops_ring,
          shapermc_ecumenical_altar_mp_vishouse
D:2:      minmay_inner_zag, layout_loops_ring
D:3:      layout_basic, general_overflow_altar, gammafunk_temple_overflow_wave
D:4:      layout_basic, ebering_ghost_rock_garden, minmay_circle_x

Skill      XL: |  1  2  3  4  5 |
---------------+----------------+-----
Stealth        | 3 |  3.9
Conjurations   | 5 |  5.4
Spellcasting   | 3 |  3.2
Dodging        | |  2.6

Action                   |  1- 3 |  4- 6 || total
-------------------------+-------+-------++-------
Melee: Unarmed           |     1 |     3 ||     4
       Tentacles         |       |     4 ||     4
       Constrict         |       |     2 ||     2
       Quarterstaff      |       |     5 ||     5
 Cast: Magic Dart        |    81 |    90 ||   171
       Searing Ray       |       |     2 ||     2
  Use: Potion            |       |     5 ||     5
       Scroll            |       |     1 ||     1
Armor: Skin              |       |     7 ||     7
Dodge: Dodged            |     6 |     9 ||    15
